 Seeded DCSS version 0.30-a0-159-g068b764562 (webtiles) character file.

Game seed: 6407531006889329252 (custom seed)

123 Iusername the Trooper (level 4, -6/41 HPs)
             Began as a Minotaur Fighter on Sept 27, 2022.
             Mangled by Edmund
             ... wielding a +2 dire flail of protection
              (10 damage)
             ... on level 4 of the Dungeon.
             The game lasted 00:03:08 (2601 turns).

Iusername the Trooper (Minotaur Fighter)            Turns: 2601, Time: 00:03:09

Health: -6/41      AC: 11    Str: 22    XL:     4   Next: 80%
Magic:  3/3        EV: 10    Int:  7    God:
Gold:   131        SH:  5    Dex: 17    Spells: 3/3 levels left

rFire   + . .      SeeInvis .    a - +0 trident
rCold   + . .      Faith    .    c - +0 buckler
rNeg    . . .      Spirit   .    b - +0 scale mail
rPois   +          Reflect  .    (helmet restricted)
rElec   +          Harm     .    (no cloak)
rCorr   +          Rampage  .    (no gloves)
Will    .....                    (no boots)
Stlth   ..........               (no amulet)
HPRegen 0.13/turn                f - ring of the Establishment {rElec AC+4 Int+2 Dex+7 Slay-4}
MPRegen 0.08/turn                (no ring)

@: mighty, resistant, attractive
A: horns 2, retaliatory headbutt
a: no special abilities


You were on level 4 of the Dungeon.
You visited 1 branch of the dungeon, and saw 4 of its levels.

You collected 131 gold pieces.

Inventory:

Hand Weapons
 a - a +0 trident (weapon)
Armour
 b - a +0 scale mail (worn)
 c - a +0 buckler (worn)
Jewellery
 f - the ring of the Establishment (left hand) {rElec AC+4 Int+2 Dex+7 Slay-4}
   (You acquired it on level 2 of the Dungeon)

   [ring of protection]

   AC:        It affects your AC (+4).
   Int:       It affects your intelligence (+2).
   Dex:       It affects your dexterity (+7).
   Slay:      It affects your accuracy & damage with ranged weapons and melee
   (-4).
   rElec:     It insulates you from electricity.
Wands
 r - a wand of flame (21)
Scrolls
 i - 2 scrolls of fear {unknown}
 l - a scroll of identify
 m - a scroll of magic mapping {unknown}
 n - a scroll of noise {unknown}
 o - a scroll of amnesia {unknown}
 q - a scroll of enchant armour {unknown}
Potions
 e - 3 potions of curing
 g - a potion of attraction
 h - a potion of mutation {unknown}
 j - a potion of resistance
 k - a potion of haste {unknown}
 p - a potion of degeneration {unknown}


   Skills:
 + Level 4.6 Fighting
 + Level 3.6 Polearms
 + Level 4.6 Armour
 + Level 1.0 Dodging
 + Level 4.3 Shields


You had 3 spell levels left.
You didn't know any spells.
Your spell library contained the following spells:

 Spells                   Type           Power      Damage    Failure   Level
 Shock                    Conj/Air       0%         1d3       83%         1
 Swiftness                Air            0%         N/A       99%         3
 Airstrike                Air            0%         2d(0-16)  100%        4
 Summon Forest            Summ/Tloc      0%         N/A       100%        5
 Eringya's Noxious Bog    Tmut/Pois      0%         N/A       100%        6
 Summon Hydra             Summ           0%         N/A       100%        7


Dungeon Overview and Level Annotations

Branches:
Dungeon (4/15)
 Temple: D:4-7

Altars:
Hepliaklqana
Uskayaw

Annotations:
D:4 Edmund, Pikel


Innate Abilities, Weirdness & Mutations

You have a pair of horns on your head.
You reflexively headbutt those who attack you in melee.


Message History

Edmund is lightly wounded.
Edmund hits you but does no damage. The lemure barely misses you.
Edmund hits you but does no damage. You block the lemure's attack.
You barely miss Edmund.
Edmund is lightly wounded.
Edmund hits you but does no damage. The lemure completely misses you.
You hit Edmund.
Edmund is lightly wounded.
Edmund hits you with a +2 dire flail of protection.
The lemure hits you.
* * * LOW HITPOINT WARNING * * *
You hit Edmund.
Edmund is moderately wounded.
Edmund hits you with a +2 dire flail of protection.
* * * LOW HITPOINT WARNING * * *
You block the lemure's attack.
It was a potion of resistance.
You feel protected.
Edmund hits you with a +2 dire flail of protection.
* * * LOW HITPOINT WARNING * * *
You block the lemure's attack.
It was a potion of attraction.
You feel attractive to monsters. You block Edmund's attack.
The lemure hits you but does no damage.
You closely miss Edmund. You headbutt Edmund.
Edmund is moderately wounded.
You block Edmund's attack. The lemure hits you but does no damage.
You closely miss Edmund.
Edmund is moderately wounded.
Edmund barely misses you. You furiously retaliate!
You headbutt Edmund. You block the lemure's attack.
You barely miss Edmund.
Edmund is heavily wounded.
You block Edmund's attack. The lemure closely misses you.
You furiously retaliate!
You headbutt the lemure! Edmund misses you. You block the lemure's attack.
You barely miss Edmund.
Edmund is heavily wounded.
Edmund hits you with a +2 dire flail of protection!
You die...

... K#
..... #.#
#....
..## #...
#....
#..##
##...#
#..##5..#
#..@@#
#...##
#..##
#.## #.#
##<# #..#
####


You could see Edmund and a lemure.

Vanquished Creatures
  2 lemures (D:4)
  An orc wizard (D:3)
  4 adders
  A worm (D:2)
  4 orcs (D:3)
  7 endoplasms
  2 giant cockroaches
  4 goblins
  7 hobgoblins
  4 quokkas
  4 ball pythons
  5 bats
  4 kobolds
  7 rats
56 creatures vanquished.

Notes
Turn   | Place    | Note
-------+----------+-------------------------------------------
     0 | D:1      | Iusername the Minotaur Fighter began the quest for the Orb.
     0 | D:1      | Reached XP level 1. HP: 19/19 MP: 0/0
   120 | D:1      | Reached XP level 2. HP: 27/27 MP: 1/1
   966 | D:2      | Reached XP level 3. HP: 33/33 MP: 2/2
  1341 | D:2      | Identified a scroll of acquirement
  1342 | D:2      | Acquired the ring of the Establishment {rElec AC+4 Int+2
                  | Dex+7 Slay-4}
  1362 | D:3      | Reached XP level 4. HP: 41/41 MP: 3/3
  2257 | D:3      | Found a hide-covered altar of Uskayaw.
  2368 | D:3      | Found a hazy altar of Hepliaklqana.
  2410 | D:3      | Reached skill level 1 in Dodging
  2574 | D:4      | Noticed a lemure
  2576 | D:4      | Noticed a lemure
  2576 | D:4      | Noticed a lemure
  2578 | D:4      | Noticed Pikel
  2579 | D:4      | Noticed Edmund
  2590 | D:4      | Killed a lemure
  2591 | D:4      | Killed a lemure
  2601 | D:4      | Mangled by Edmund

Illustrated notes

Levels and vault maps discovered:
D:1:      giann_horns, layout_loops_ring, st_stairs_9
D:2:      layout_rooms
D:3:      layout_basic, mainiacjoe_overflow_concentric_impassable,
          mainiacjoe_overflow_alcove_2
D:4:      layout_cave_pods, uniq_eustachio, uniq_crazy_yiuf_cottage, uniq_pikel,
          uniq_edmund

Skill      XL: |  1  2  3  4 |
---------------+-------------+-----
Fighting       | 4 |  4.6
Shields        | 4 |  4.3
Armour         | 4 |  4.6
Polearms       | 3 |  3.6
Dodging        | 1 |  1.0

Action                   |  1- 3 |  4- 6 || total
-------------------------+-------+-------++-------
Melee: Trident           |    76 |    94 ||   170
       Headbutt          |     9 |     8 ||    17
  Use: Scroll            |     4 |       ||     4
       Potion            |       |     4 ||     4
Armor: Scale mail        |    13 |    49 ||    62
Dodge: Dodged            |    26 |    48 ||    74
Block: Buckler           |    13 |    29 ||    42

Table legend: (Time is in decaauts)
 A = Elapsed time spent in this place.
 B = Non-inter-level travel time spent in this place.
 C = Inter-level travel time spent in this place.
 D = Time resting spent in this place.
 E = Time spent auto-exploring this place.
 F = Levels seen in this place.
 G = Mean time per level.
                   A        B        C        D        E       F      G
               +--------+--------+--------+--------+--------+-----+--------+
         Total |   2630 |   2597 |     33 |    394 |   1778 |   4 |  657.5 |
       Dungeon |   2630 |   2597 |     33 |    394 |   1778 |   4 |  657.5 |
               +--------+--------+--------+--------+--------+-----+--------+

Top non-repeatable levels by time:
     D:3: 1227 daAuts
     D:1: 871 daAuts
     D:2: 498 daAuts
     D:4: 33 daAuts
